[Event "November 21 Late 2023"]
[Site "https://www.chess.com"]
[Date "2023.11.21"]
[Round "7"]
[White "Goltsev, Dmitry"]
[Black "Silva Lucena, Cristian"]
[Result "1-0"]
[Board "40"]
[TimeControl "180+1"]
[WhiteFideId "24176710"]
[BlackFideId "2232588"]
[WhiteElo "2370"]
[BlackElo "2248"]
[WhiteTeam "RUS"]
[BlackTeam "ESP"]
[WhiteClock "0:00:14"]
[BlackClock "0:00:42"]

1. e4 c5 2. Nf3 d6 3. d4 cxd4 4. Nxd4 Nf6 5. Nc3 a6 6. f3 e5 7. Nb3 Be6 8. Bg5 h6 9. Bxf6 Qxf6 10. Nd5 Bxd5 11. Qxd5 Nc6 12. c3 Qe6 13. Bc4 Qxd5 14. Bxd5 Be7 15. Ke2 O-O 16. Rhd1 Rfd8 17. Rd3 Rac8 18. Rad1 g6 19. Bxc6 bxc6 20. Na5 Rb8 21. Nxc6 Rxb2+ 22. R1d2 Rxd2+ 23. Rxd2 Re8 24. Nxe7+ Rxe7 25. Rxd6 Rb7 26. Rxa6 Rb2+ 27. Kf1 Rc2 28. Ra3 h5 29. h4 f6 30. Kg1 g5 31. hxg5 fxg5 32. Ra5 Kg7 33. Rxe5 Kg6 34. a4 Rxc3 35. a5 Rc2 36. Re6+ Kf7 37. Rb6 Ra2 38. a6 h4 39. Kh2 Kg7 40. Kh3 Kf7 41. g3 Ra3 42. Kg4 Kg7 43. gxh4 gxh4 44. Kxh4 Rxf3 45. Kg4 Ra3 46. Kf5 Kf7 47. Rb7+ Ke8 48. a7 1-0

[Event "November 21 Late 2023"]
[Site "https://www.chess.com"]
[Date "2023.11.21"]
[Round "7"]
[White "Annaberdiyev, Meylis"]
[Black "Nikologorsky, Matfei"]
[Result "1-0"]
[Board "41"]
[TimeControl "180+1"]
[WhiteFideId "14000563"]
[BlackFideId "24102474"]
[WhiteElo "2405"]
[BlackElo "2153"]
[WhiteTeam "TKM"]
[BlackTeam "FID"]
[WhiteClock "0:00:42"]
[BlackClock "0:00:00"]

1. e4 c5 2. Nc3 e6 3. f4 d5 4. Nf3 dxe4 5. Nxe4 Nf6 6. Bd3 Be7 7. O-O Nc6 8. b3 O-O 9. Bb2 b6 10. Neg5 h6 11. Ne5 Nd4 12. c3 Nf5 13. Qf3 Bd7 14. Qh3 Bd6 15. Ngf3 Nd5 16. g3 Rc8 17. Rae1 Nde7 18. g4 Bxe5 19. Nxe5 Nd6 20. g5 Nef5 21. c4 hxg5 22. Nxd7 Qxd7 23. fxg5 Qe7 24. Kh1 Qxg5 25. Rg1 Qh4 26. Rxg7+ Nxg7 27. Qxh4 Ndf5 28. Bxf5 1-0

[Event "November 21 Late 2023"]
[Site "https://www.chess.com"]
[Date "2023.11.21"]
[Round "7"]
[White "Reprintsev, Alexander"]
[Black "Jakubowski, Krzysztof"]
[Result "1/2-1/2"]
[Board "42"]
[TimeControl "180+1"]
[WhiteFideId "14100541"]
[BlackFideId "1112848"]
[WhiteElo "2229"]
[BlackElo "2369"]
[WhiteTeam "UKR"]
[BlackTeam "POL"]
[WhiteClock "0:00:16"]
[BlackClock "0:00:31"]

1. e4 c5 2. b3 b6 3. d4 cxd4 4. Qxd4 Nc6 5. Qd2 Nf6 6. Nc3 e6 7. Bb2 Bb4 8. f3 O-O 9. a3 Bxc3 10. Qxc3 Bb7 11. O-O-O Rc8 12. Qe3 d5 13. Qg5 Na5 14. Bxf6 Qxf6 15. Qxf6 gxf6 16. exd5 Nxb3+ 17. Kb2 Nc5 18. dxe6 fxe6 19. Bd3 Rc7 20. Ne2 Rfc8 21. Rd2 Bd5 22. Rhd1 Na4+ 23. Ka1 Nc3 24. Nxc3 Rxc3 25. Kb2 f5 26. f4 Kg7 27. g3 Kf6 28. Re1 a5 29. Rde2 R3c5 30. Re5 h5 31. R1e3 Rg8 32. c4 Be4 33. Rxc5 bxc5 34. Bxe4 fxe4 35. Rxe4 h4 36. gxh4 a4 37. Re5 Rg2+ 38. Kc1 Ra2 39. Rxc5 Rxa3 40. h5 Rf3 41. h6 Rh3 42. Ra5 Rxh6 43. f5 Rh4 44. fxe6 Rxc4+ 45. Kb2 Kxe6 46. Ka3 Rh4 47. Rxa4 Rxa4+ 48. Kxa4 Kf5 49. h4 Kg4 50. h5 Kxh5 1/2-1/2

[Event "November 21 Late 2023"]
[Site "https://www.chess.com"]
[Date "2023.11.21"]
[Round "7"]
[White "MKlose11"]
[Black "Lebedev, Artem S."]
[Result "0-1"]
[Board "43"]
[TimeControl "180+1"]
[BlackFideId "34272747"]
[WhiteElo "2656"]
[BlackElo "1952"]
[BlackTeam "RUS"]
[WhiteClock "0:00:10"]
[BlackClock "0:00:05"]

1. e4 e5 2. Nf3 Nc6 3. d4 exd4 4. Bc4 Nf6 5. O-O Nxe4 6. Re1 d5 7. Bxd5 Qxd5 8. Nc3 Qh5 9. Nxe4 Be6 10. Bg5 Be7 11. Bxe7 Kxe7 12. Nxd4 Qxd1 13. Nxc6+ bxc6 14. Raxd1 Rhd8 15. a3 Rxd1 16. Rxd1 Bd5 17. Nc5 Rb8 18. b3 a5 19. c4 Be6 20. f3 a4 21. b4 Bxc4 22. Rd7+ Ke8 23. Rxc7 Bb5 24. Nb7 Kf8 25. Nd6 Rd8 26. Rc8 Rxc8 27. Nxc8 Ke8 28. Nd6+ Ke7 29. Ne4 Ke6 30. Kf2 Kd5 31. Ke3 Kc4 32. Nd6+ Kb3 33. Kd4 Kxa3 34. Kc3 Ka2 35. Kc2 a3 36. Nxf7 Ba4+ 37. Kc1 Kb3 38. Kb1 Kxb4 39. Ng5 c5 40. Ne4 c4 41. g4 c3 42. Nxc3 Kxc3 43. f4 Bb3 44. f5 Kd4 45. g5 Ke5 46. f6 gxf6 47. gxf6 Kxf6 48. h4 Kg6 49. Kc1 Kh5 50. Kd2 a2 51. Kc3 a1=Q+ 0-1

[Event "November 21 Late 2023"]
[Site "https://www.chess.com"]
[Date "2023.11.21"]
[Round "7"]
[White "PapaieDudu"]
[Black "OPQRC"]
[Result "0-1"]
[Board "44"]
[TimeControl "180+1"]
[WhiteElo "2403"]
[BlackElo "2641"]
[WhiteClock "0:00:00"]
[BlackClock "0:00:03"]

1. d4 Nf6 2. Nf3 b6 3. c4 Bb7 4. Nc3 e6 5. Bg5 Bb4 6. Rc1 h6 7. Bh4 g5 8. Bg3 d6 9. e3 Nbd7 10. Bd3 Ne4 11. O-O Bxc3 12. bxc3 f5 13. Nd2 h5 14. f3 Nxg3 15. hxg3 h4 16. gxh4 gxh4 17. e4 f4 18. Kf2 Qg5 19. Rh1 h3 20. Qg1 Qg3+ 21. Ke2 h2 22. Qf2 O-O-O 23. Nf1 Qg7 24. Rxh2 c5 25. Rh4 cxd4 26. Rg4 Qe7 27. cxd4 Kb8 28. Rxf4 d5 29. cxd5 exd5 30. e5 Qa3 31. Rc2 Rc8 32. Ke3 Ba6 33. Qd2 Rhe8 34. Rf5 Bc4 35. Rc3 Qa5 36. Qc2 Bxd3 37. Rxc8+ Rxc8 38. Qd2 Bxf1 39. Qxa5 bxa5 40. Rf7 Nb6 41. e6 Bb5 42. e7 Re8 43. g4 Kc7 44. f4 Nc4+ 45. Kf3 Nd6 46. Rg7 Kd7 47. f5 Ne4 48. g5 Nxg5+ 49. Rxg5 Kxe7 50. Rg6 Bc4 51. Kf4 Kf7 52. Rc6 Re4+ 53. Kg5 Rxd4 54. Rc7+ Ke8 55. f6 Rd1 56. Kg6 Rg1+ 57. Kf5 Rf1+ 58. Ke6 Re1+ 59. Kf5 Kf8 60. Rxa7 d4 61. Kg6 Bd3+ 62. Kg5 Rg1+ 63. Kf4 Bb5 64. Ke5 d3 65. Rxa5 Be8 66. Rd5 Rd1 67. Ke4 Bc6 0-1

[Event "November 21 Late 2023"]
[Site "https://www.chess.com"]
[Date "2023.11.21"]
[Round "7"]
[White "Poltorak, Sebastian"]
[Black "Zampronha, Wladimir Camilo"]
[Result "1/2-1/2"]
[Board "45"]
[TimeControl "180+1"]
[WhiteFideId "1199498"]
[BlackFideId "2103087"]
[WhiteElo "2250"]
[BlackElo "2055"]
[WhiteTeam "POL"]
[BlackTeam "BRA"]
[WhiteClock "0:00:14"]
[BlackClock "0:00:07"]

1. d4 Nf6 2. c4 e6 3. Nc3 Bb4 4. Nf3 b6 5. Qb3 a5 6. a3 Bxc3+ 7. Qxc3 Bb7 8. g3 Ne4 9. Qe3 O-O 10. Bg2 f5 11. O-O d6 12. Nd2 Nxd2 13. Bxd2 Bxg2 14. Qxe6+ Kh8 15. Kxg2 Re8 16. Qxf5 Rxe2 17. Bg5 Qg8 18. Rae1 Rxe1 19. Rxe1 Nc6 20. d5 Ne5 21. Qe4 Qf7 22. f4 Ng4 23. Qe6 Kg8 24. h3 Nf6 25. Bxf6 gxf6 26. g4 Rb8 27. a4 Rf8 28. Kg3 Kh8 29. Qxf7 Rxf7 30. Re8+ Kg7 31. f5 Rd7 32. h4 Kf7 33. Re3 h6 34. Kf4 Rd8 35. b3 Rh8 36. Re2 Rh7 37. b4 axb4 38. Rb2 Rh8 39. Rxb4 Ra8 40. g5 hxg5+ 41. hxg5 fxg5+ 42. Kxg5 Rg8+ 43. Kf4 Kf6 44. a5 bxa5 45. Rb7 Rg5 46. Rxc7 Rxf5+ 47. Ke4 Rh5 48. Rd7 Rh4+ 49. Kd3 Ke5 50. Re7+ Kf5 51. Re6 Rh3+ 52. Kc2 a4 53. Rxd6 Ke5 54. Ra6 Kd4 55. Rxa4 Rg3 56. Kb2 Rh3 57. Kc2 Rg3 58. Kd2 Rg2+ 59. Ke1 Rh2 60. d6 Kc5 61. d7 Rh8 62. Kd2 Rd8 63. Kc3 Rxd7 64. Ra5+ Kb6 65. Rh5 Rg7 66. Rh6+ Kc5 67. Rh5+ Kc6 68. Rf5 Rg6 69. Kb4 Rh6 70. Ra5 Kb6 71. c5+ Kb7 72. Kb5 Rg6 73. Ra4 Rh6 74. Rg4 Rf6 75. Rg7+ Kc8 76. Re7 Rg6 77. Rf7 Rh6 78. Ra7 Kb8 79. Ra2 Kc7 80. Re2 Rg6 81. Re7+ Kc8 82. Rh7 Kb8 83. Rd7 Kc8 84. Rd5 Rh6 85. c6 Rh1 86. Kc5 Kc7 87. Rd7+ Kc8 88. Rd5 Kc7 89. Rd7+ Kc8 90. Rd2 Kc7 91. Rd4 Rh5+ 92. Rd5 Rxd5+ 93. Kxd5 Kc8 94. Kd4 Kc7 95. Kc5 Kc8 96. Kb5 Kc7 97. Kc5 Kc8 98. Kb6 Kb8 99. Ka6 Kc7 100. Kb5 Kc8 101. Kc4 Kc7 102. Kd5 Kc8 103. Kd6 Kd8 104. c7+ Kc8 105. Kc6 1/2-1/2

[Event "November 21 Late 2023"]
[Site "https://www.chess.com"]
[Date "2023.11.21"]
[Round "7"]
[White "Estrategia_vs_Tactica"]
[Black "Olsen, Filip Boe"]
[Result "0-1"]
[Board "46"]
[TimeControl "180+1"]
[BlackFideId "1440640"]
[WhiteElo "2356"]
[BlackElo "2322"]
[BlackTeam "DEN"]
[WhiteClock "0:00:00"]
[BlackClock "0:00:52"]

1. e4 c6 2. d4 d5 3. e5 Bf5 4. Bd3 Bxd3 5. Qxd3 e6 6. Nf3 c5 7. c3 Nc6 8. O-O Nge7 9. Bg5 Qb6 10. dxc5 Qxc5 11. Nbd2 Nf5 12. Nb3 Qb6 13. Nbd4 Nfxd4 14. cxd4 h6 15. Be3 Be7 16. b3 Rc8 17. Rac1 O-O 18. Qe2 Ba3 19. Rc2 Nb4 20. Rxc8 Rxc8 21. Ne1 Qa6 22. Qxa6 Nxa6 23. Bd2 Bb4 24. Be3 Ba3 25. f3 Nb4 26. Rf2 Bc1 27. Bxc1 Rxc1 28. Kf1 Ra1 29. a3 Rxa3 30. Rb2 Ra1 31. Re2 Nd3 32. Re3 Rxe1+ 33. Rxe1 Nxe1 34. Kxe1 a5 35. Kd2 b5 36. f4 h5 37. g3 Kh7 38. h3 g5 39. Ke3 gxf4+ 40. Kxf4 a4 41. bxa4 bxa4 42. Ke3 a3 43. Kd2 a2 44. Kc2 a1=Q 0-1

[Event "November 21 Late 2023"]
[Site "https://www.chess.com"]
[Date "2023.11.21"]
[Round "7"]
[White "Sarana, Alexey"]
[Black "aghasiyevkamal"]
[Result "1-0"]
[Board "47"]
[TimeControl "180+1"]
[WhiteFideId "24133795"]
[WhiteElo "2707"]
[BlackElo "2578"]
[WhiteTeam "SRB"]
[WhiteClock "0:01:42"]
[BlackClock "0:00:00"]

1. d4 d5 2. c4 e6 3. Nc3 Nf6 4. cxd5 exd5 5. Bg5 c6 6. e3 Nbd7 7. Bd3 Be7 8. h3 h6 9. Bf4 Nb6 10. Nf3 Bd6 11. Ne5 Qe7 12. O-O O-O 13. Bg3 Be6 14. f4 c5 15. Bh4 Qd8 16. Qf3 cxd4 17. exd4 Be7 18. Rae1 Nc4 19. f5 Bc8 20. Re2 Nb6 21. Rfe1 Ne4 22. Bxe7 Qxe7 23. Bxe4 dxe4 24. Nxe4 Qb4 25. Qf2 Nd5 26. f6 g6 27. Kh1 Bf5 28. Qh4 h5 29. Qg5 Bxe4 30. Rxe4 Kh7 31. Ng4 hxg4 32. Qxd5 1-0

[Event "November 21 Late 2023"]
[Site "https://www.chess.com"]
[Date "2023.11.21"]
[Round "7"]
[White "Santos Flores, Alberto"]
[Black "BardArtem"]
[Result "0-1"]
[Board "48"]
[TimeControl "180+1"]
[WhiteFideId "3601234"]
[WhiteElo "2235"]
[BlackElo "2780"]
[WhiteTeam "ECU"]
[WhiteClock "0:00:00"]
[BlackClock "0:00:02"]

1. e4 e5 2. Nf3 Nc6 3. Bc4 Bc5 4. O-O Nf6 5. d4 Bxd4 6. Nxd4 Nxd4 7. Bg5 d6 8. f4 Bg4 9. Bxf6 Bxd1 10. Bxd8 Rxd8 11. Rxd1 Nxc2 12. Nc3 Nxa1 13. Rxa1 exf4 14. Nd5 O-O 15. Bd3 c6 16. Nxf4 Rfe8 17. Rd1 g6 18. Kf2 Kg7 19. Kf3 Re5 20. Bc2 d5 21. exd5 cxd5 22. Rd4 f5 23. Bb3 g5 24. Rxd5 Rdxd5 25. Nxd5 Re1 26. Nc3 Kf6 27. Nb5 Rb1 28. Nxa7 Rxb2 29. Nb5 g4+ 30. Kg3 Kg5 31. h4+ Kf6 32. Nc3 h5 33. Nd5+ Ke5 34. Nf4 Rd2 35. Nxh5 Rd3+ 36. Kf2 f4 37. g3 Rd2+ 38. Ke1 fxg3 39. Nxg3 Rg2 40. Ne2 Rh2 41. Kf1 Rxh4 42. Kg2 Rh3 43. Ng3 Rh8 44. Nf1 Kf4 45. Bd5 b6 46. Ng3 Rd8 47. Bc4 Rd2+ 48. Ne2+ Ke3 49. Kf1 Rd1+ 50. Kg2 Rd2 51. Kf1 Rc2 52. Bb5 Rxa2 53. Ng3 Kf3 54. Ne2 Ra1+ 0-1

[Event "November 21 Late 2023"]
[Site "https://www.chess.com"]
[Date "2023.11.21"]
[Round "7"]
[White "Hambleton, Aman"]
[Black "Toropov, Pavel"]
[Result "1-0"]
[Board "49"]
[TimeControl "180+1"]
[WhiteFideId "2606577"]
[BlackFideId "24129178"]
[WhiteElo "2511"]
[BlackElo "2182"]
[WhiteTeam "CAN"]
[BlackTeam "RUS"]
[WhiteClock "0:00:03"]
[BlackClock "0:00:00"]

1. d4 d5 2. c4 c6 3. Nf3 Nf6 4. Nbd2 Bf5 5. Nh4 Be4 6. Qb3 Qb6 7. Qh3 Nbd7 8. c5 Qc7 9. f3 Bc2 10. e3 e6 11. g4 g5 12. Ng2 h5 13. Qg3 Qxg3+ 14. hxg3 Bg7 15. gxh5 Rxh5 16. Rxh5 Nxh5 17. g4 Nhf6 18. Nb3 b6 19. Ba6 bxc5 20. Bb7 Rb8 21. Bxc6 c4 22. Nc5 Ke7 23. Ba4 Bxa4 24. Nxa4 Ne8 25. b3 cxb3 26. Ba3+ Nd6 27. axb3 Rxb3 28. Nc5 Rc3 29. Nxd7 Kxd7 30. Bxd6 Kxd6 31. Ra6+ Rc6 32. Rxa7 Rc7 33. Ra6+ Rc6 34. Ra7 Rc7 35. Ra8 Ke7 36. Kd2 e5 37. dxe5 Bxe5 38. Ne1 Rb7 39. Nd3 Bf6 40. Ra6 Rc7 41. Ke2 Bc3 42. Nf2 Rb7 43. Rc6 Bf6 44. Nd3 Ra7 45. Nb4 Rb7 46. Nxd5+ Kd7 47. Rxf6 1-0

[Event "November 21 Late 2023"]
[Site "https://www.chess.com"]
[Date "2023.11.21"]
[Round "7"]
[White "D`Arruda, Ricardo D."]
[Black "Schnaider, Ilan"]
[Result "0-1"]
[Board "50"]
[TimeControl "180+1"]
[WhiteFideId "100692"]
[BlackFideId "169013"]
[WhiteElo "2543"]
[BlackElo "2373"]
[WhiteTeam "ARG"]
[BlackTeam "ARG"]
[WhiteClock "0:02:17"]
[BlackClock "0:02:46"]

1. Nf3 Nf6 2. d4 d5 3. c4 g6 4. e3 Bg7 5. Nc3 O-O 6. Be2 c6 7. O-O Bf5 8. b3 Ne4 9. Bb2 Nd7 10. Nh4 Ndf6 11. Nxf5 gxf5 12. f3 Nxc3 13. Bxc3 e6 14. Kh1 Bh6 15. Qd3 Kh8 16. Bd1 Rg8 17. Bc2 Nh5 18. Be1 Qg5 19. Qe2 Qxe3 20. Qxe3 Bxe3 21. Bc3 Rg6 22. Rae1 Ng3+ 23. hxg3 Rh6# 0-1

[Event "November 21 Late 2023"]
[Site "https://www.chess.com"]
[Date "2023.11.21"]
[Round "7"]
[White "Omariev, Maksim"]
[Black "Gubajdullin, Alexei"]
[Result "0-1"]
[Board "51"]
[TimeControl "180+1"]
[WhiteFideId "4193423"]
[BlackFideId "4141202"]
[WhiteElo "2523"]
[BlackElo "2280"]
[WhiteTeam "RUS"]
[BlackTeam "RUS"]
[WhiteClock "0:00:09"]
[BlackClock "0:00:51"]

1. g4 d5 2. Bg2 c6 3. h3 h5 4. g5 g6 5. d4 h4 6. c4 e6 7. Nc3 Ne7 8. e4 dxe4 9. Nxe4 Bg7 10. Nf6+ Bxf6 11. gxf6 Nf5 12. Nf3 Qxf6 13. Bg5 Qg7 14. Qd2 Nd7 15. O-O-O Nb6 16. b3 O-O 17. Nxh4 Nxh4 18. Bxh4 e5 19. Rhe1 exd4 20. Qxd4 Qh6+ 21. Kb2 Be6 22. Bf6 Nd7 23. Be7 Rfe8 24. Bd6 a5 25. h4 a4 26. h5 axb3 27. axb3 Ra5 28. hxg6 Rea8 29. gxf7+ Kxf7 30. Be4 Ra2+ 31. Kc3 c5 32. Qe3 Qf6+ 33. Kd3 Rd8 34. Qf4 Ne5+ 35. Qxe5 Qxe5 36. Bg6+ Kxg6 37. Rxe5 Rxd6+ 38. Kc3 Rxd1 39. Rxe6+ Kf7 40. Rb6 Rdd2 41. Rxb7+ Ke6 42. Rb6+ Kf5 43. b4 Rac2+ 44. Kb3 Rb2+ 45. Kc3 Rdc2+ 46. Kd3 Rxf2 47. bxc5 Rxb6 48. cxb6 Ke6 49. Kd4 Kd6 50. Ke3 Rb2 51. Kd4 Kc6 52. c5 Rb5 53. b7 Rxb7 54. Kc4 Rb5 55. Kd4 Rxc5 56. Kd3 Kd5 57. Ke3 Rc3+ 58. Kd2 Kd4 59. Ke2 Rd3 60. Kf2 Re3 61. Kg2 Ke4 62. Kf2 Kf4 63. Kg2 Re2+ 64. Kf1 Kf3 65. Kg1 Rc2 66. Kh1 Kg3 67. Kg1 Rc1# 0-1

[Event "November 21 Late 2023"]
[Site "https://www.chess.com"]
[Date "2023.11.21"]
[Round "7"]
[White "Bjelobrk, Igor"]
[Black "The_Straightforward_Rook"]
[Result "1-0"]
[Board "52"]
[TimeControl "180+1"]
[WhiteFideId "4300726"]
[WhiteElo "2319"]
[BlackElo "2522"]
[WhiteTeam "AUS"]
[WhiteClock "0:01:24"]
[BlackClock "0:01:02"]

1. d4 Nf6 2. c4 e6 3. g3 Bb4+ 4. Bd2 a5 5. Bg2 O-O 6. Nf3 d5 7. Qc1 c5 8. dxc5 Na6 9. O-O Bxc5 10. cxd5 Nxd5 11. Nc3 Nxc3 12. Bxc3 Qb6 13. Bxg7 Kxg7 14. Qg5+ Kh8 15. Qf6+ Kg8 16. Ng5 e5 17. Qxe5 Bd4 18. Qe4 f5 19. Qh4 Rf7 20. Bd5 1-0

[Event "November 21 Late 2023"]
[Site "https://www.chess.com"]
[Date "2023.11.21"]
[Round "7"]
[White "Vasquez Vargas, Henry Richard"]
[Black "Seletsky, Grigory"]
[Result "1-0"]
[Board "53"]
[TimeControl "180+1"]
[WhiteFideId "3836878"]
[BlackFideId "14112191"]
[WhiteElo "2012"]
[BlackElo "2482"]
[WhiteTeam "PER"]
[BlackTeam "UKR"]
[WhiteClock "0:00:09"]
[BlackClock "0:00:00"]

1. d4 c5 2. dxc5 e6 3. Nf3 Nf6 4. e3 Bxc5 5. a3 d5 6. Be2 Nc6 7. O-O O-O 8. b4 Bd6 9. Bb2 a6 10. c4 Ne4 11. Nc3 Nxc3 12. Bxc3 dxc4 13. Bxc4 b5 14. Be2 Bb7 15. Qc2 Rc8 16. Qb2 f6 17. Rfe1 Qe7 18. e4 e5 19. Bd1 Rc7 20. Bb3+ Kh8 21. Nh4 Bc8 22. Re3 g6 23. Rg3 Kg7 24. Nf5+ Bxf5 25. exf5 Nd4 26. fxg6 hxg6 27. Bc2 f5 28. Bxd4 exd4 29. Rd3 Be5 30. g3 Rc3 31. Re1 Qd6 32. Rxc3 dxc3 33. Qb3 Re8 34. Rd1 Qb6 35. Qd5 Re7 36. Bb3 Qb8 37. Qc6 Qc7 38. Qxa6 Qa7 39. Qxb5 Qxa3 40. Qc4 Qa8 41. Rd5 Bf6 42. Kg2 Re5 43. Qc7+ Kh6 44. Qd6 Rxd5 45. Bxd5 Qd8 46. Qxd8 Bxd8 47. Bb3 Be7 48. b5 Bc5 49. Kf3 Kg7 50. Ke2 Kf6 51. f3 g5 52. Kd3 Bg1 53. h4 gxh4 54. gxh4 Bf2 55. h5 Kg5 56. Kxc3 Kxh5 57. Kc4 Kg5 58. Kd5 Kf4 59. Bd1 Ke3 60. Kc6 Kd2 61. Bb3 Ke3 62. Bd5 Kd4 63. b6 Bg3 64. b7 Be5 65. Be6 f4 66. Kd7 1-0

[Event "November 21 Late 2023"]
[Site "https://www.chess.com"]
[Date "2023.11.21"]
[Round "7"]
[White "Przybylski, Wojciech"]
[Black "Taboas Rodriguez, Daniel"]
[Result "0-1"]
[Board "54"]
[TimeControl "180+1"]
[WhiteFideId "1117599"]
[BlackFideId "2208466"]
[WhiteElo "2203"]
[BlackElo "2365"]
[WhiteTeam "POL"]
[BlackTeam "ESP"]
[WhiteClock "0:00:00"]
[BlackClock "0:00:14"]

1. e4 e5 2. Nf3 Nc6 3. Bb5 Nf6 4. O-O Nxe4 5. d4 Nd6 6. Bxc6 dxc6 7. dxe5 Nf5 8. Qe2 Nd4 9. Nxd4 Qxd4 10. h3 Bf5 11. Nc3 Bb4 12. Rd1 Qh4 13. f4 Qg3 14. Ne4 Bxe4 15. Qxe4 Bc5+ 16. Kh1 O-O 17. Bd2 Rad8 18. Bc3 Qe3 19. Re1 Qxe4 20. Rxe4 Rd5 21. f5 Re8 22. Rae1 b5 23. a3 Bb6 24. b4 c5 25. f6 cxb4 26. axb4 c5 27. e6 fxe6 28. fxg7 cxb4 29. Bxb4 Kxg7 30. Rg4+ Kf6 31. Rf4+ Rf5 32. Rfe4 a5 33. Bc3+ Kf7 34. g4 Rf3 35. Bd2 Rxh3+ 36. Kg2 Ra3 37. Rf1+ Ke7 38. Ref4 Kd6 39. Rf7 Ra2 40. Bf4+ e5 41. Bg3 Rxc2+ 42. Kh3 a4 43. R1f6+ Re6 44. Rf1 b4 45. Rd1+ Kc6 46. Rf6 Rxf6 47. Bxe5 Rf3+ 48. Kh4 a3 49. Rd6+ Kb5 50. Rd5+ Kc4 51. Rd7 b3 52. Rb7 Kc5 53. Bg7 b2 54. Rb8 b1=Q 55. Rc8+ Kb5 0-1

[Event "November 21 Late 2023"]
[Site "https://www.chess.com"]
[Date "2023.11.21"]
[Round "7"]
[White "VitaliyChayka"]
[Black "De La Colina, Nicolas"]
[Result "1-0"]
[Board "55"]
[TimeControl "180+1"]
[BlackFideId "30946921"]
[WhiteElo "2445"]
[BlackElo "2088"]
[BlackTeam "USA"]
[WhiteClock "0:00:28"]
[BlackClock "0:00:00"]

1. d4 f5 2. h3 d5 3. Bf4 Nf6 4. e3 g6 5. c4 Bg7 6. Nc3 e6 7. Bd3 O-O 8. Nf3 Ne4 9. Qc2 c6 10. O-O-O Nd7 11. g4 Ndf6 12. Ne5 Bd7 13. f3 Nxc3 14. Qxc3 Rc8 15. Kb1 c5 16. dxc5 Rxc5 17. Qa3 b6 18. Qxa7 Ra5 19. Qb7 Bc8 20. Qc6 Rc5 21. Qa4 Nd7 22. Nc6 Qe8 23. cxd5 Rxd5 24. Nb4 Ra5 25. Qc6 Nc5 26. Qxe8 Rxe8 27. Bc4 Kh8 28. Nc6 Ra8 29. Ne5 Bb7 30. Rhf1 Rac8 31. Nf7+ Kg8 32. Nd6 Na4 33. Bb3 Nxb2 34. Rd2 Red8 35. Bxe6+ 1-0

[Event "November 21 Late 2023"]
[Site "https://www.chess.com"]
[Date "2023.11.21"]
[Round "7"]
[White "Ambartsumova, Karina"]
[Black "jactorres"]
[Result "1-0"]
[Board "56"]
[TimeControl "180+1"]
[WhiteFideId "4166299"]
[WhiteElo "2240"]
[BlackElo "2443"]
[WhiteTeam "RUS"]
[WhiteClock "0:01:46"]
[BlackClock "0:00:45"]

1. d4 Nf6 2. c4 e6 3. Nc3 d5 4. cxd5 exd5 5. Bg5 Be7 6. e3 O-O 7. Bd3 c6 8. Nf3 Nbd7 9. Qc2 Re8 10. O-O Nf8 11. h3 g6 12. Ne5 Ne6 13. Bh6 Ng7 14. Bxg7 Kxg7 15. f4 c5 16. Qf2 cxd4 17. exd4 Bd6 18. Rae1 Qb6 19. g4 Ne4 20. Bxe4 dxe4 21. Rxe4 f5 22. Nc4 1-0

[Event "November 21 Late 2023"]
[Site "https://www.chess.com"]
[Date "2023.11.21"]
[Round "7"]
[White "Leschinsky, Gary"]
[Black "Erdogan, Anil Berk"]
[Result "0-1"]
[Board "57"]
[TimeControl "180+1"]
[WhiteFideId "30951321"]
[BlackFideId "6348173"]
[WhiteElo "2020"]
[BlackElo "2007"]
[WhiteTeam "USA"]
[BlackTeam "TUR"]
[WhiteClock "0:00:28"]
[BlackClock "0:00:16"]

1. d4 Nf6 2. c4 c5 3. d5 e6 4. Nc3 exd5 5. cxd5 d6 6. e4 g6 7. Nge2 Bg7 8. Ng3 O-O 9. Be2 b6 10. O-O Ba6 11. a4 Bxe2 12. Qxe2 a6 13. Bf4 Re8 14. Qd2 Qc7 15. Rfe1 Nbd7 16. Nf1 Ne5 17. Ne3 Nh5 18. Bg5 h6 19. Bh4 g5 20. Bg3 Nxg3 21. fxg3 c4 22. Nf5 Ng4 23. h3 Qc5+ 24. Kh1 Nf2+ 25. Kh2 Nd3 26. Nxg7 Kxg7 27. Rf1 b5 28. axb5 axb5 29. Rxa8 Rxa8 30. h4 f6 31. Qe2 b4 32. Nd1 Ne5 33. Ne3 c3 34. Nf5+ Kg6 35. Ne7+ Kf7 36. Nf5 Kg6 37. h5+ Kh7 38. Ne3 Qxe3 39. Qb5 Rf8 40. Qb7+ Rf7 41. Qxb4 c2 42. Qxd6 c1=Q 43. Rxc1 Qxc1 44. Qe6 Qd1 45. d6 Qxh5+ 46. Kg1 Qd1+ 47. Kh2 Ng4+ 0-1

[Event "November 21 Late 2023"]
[Site "https://www.chess.com"]
[Date "2023.11.21"]
[Round "7"]
[White "Orphanator2009"]
[Black "GatoRojo150"]
[Result "0-1"]
[Board "58"]
[TimeControl "180+1"]
[WhiteElo "2246"]
[BlackElo "2584"]
[WhiteClock "0:00:00"]
[BlackClock "0:00:08"]

1. e4 e5 2. Nf3 Nc6 3. Nc3 Nf6 4. d4 exd4 5. Nxd4 Bb4 6. Nxc6 bxc6 7. Bd3 d5 8. exd5 O-O 9. O-O cxd5 10. h3 c6 11. Qf3 Re8 12. Bf4 Bd6 13. Rfe1 Be6 14. a3 Qb8 15. Bxd6 Qxd6 16. Ne2 Rab8 17. b4 Bd7 18. Nd4 Re5 19. Qg3 Rbe8 20. Nf3 Rxe1+ 21. Rxe1 Rxe1+ 22. Nxe1 Qxg3 23. fxg3 Kf8 24. Kf2 Ke7 25. c3 g6 26. Nc2 Bf5 27. Bxf5 gxf5 28. Nd4 Ne4+ 29. Ke3 Kd6 30. Nxf5+ Ke5 31. Nd4 Kd6 32. Ne2 Ke5 33. g4 Nd6 34. Nd4 Nc4+ 35. Kd3 Kd6 36. a4 Nb2+ 37. Kc2 Nxa4 38. Nf5+ Ke5 39. Ne7 c5 40. Nc6+ Kf4 41. Nxa7 Kg3 42. Kb3 Nxc3 43. bxc5 Ne4 44. c6 Kxg2 45. c7 Nd6 46. Kc3 Kxh3 47. g5 Kg4 48. Kd4 Kxg5 49. Kxd5 Nf5 50. Ke5 Ne7 51. Kd6 Kf6 52. Kd7 h5 53. Nc6 Nd5 54. Kd6 Nxc7 55. Kxc7 h4 56. Nd4 Kg5 57. Kd6 h3 58. Ke5 Kg4 59. Nc2 h2 60. Ne3+ Kf3 0-1

[Event "November 21 Late 2023"]
[Site "https://www.chess.com"]
[Date "2023.11.21"]
[Round "7"]
[White "Demchenko, Anton"]
[Black "Osmak, Yuliia"]
[Result "1-0"]
[Board "59"]
[TimeControl "180+1"]
[WhiteFideId "4160258"]
[BlackFideId "14101602"]
[WhiteElo "2545"]
[BlackElo "2303"]
[WhiteTeam "SLO"]
[BlackTeam "UKR"]
[WhiteClock "0:00:27"]
[BlackClock "0:00:19"]

1. e4 c6 2. d4 d5 3. e5 Bf5 4. Bd3 Bxd3 5. Qxd3 e6 6. c3 Qb6 7. Ne2 Qa6 8. Qd1 c5 9. O-O Nc6 10. Be3 Nge7 11. Ng3 cxd4 12. cxd4 Nc8 13. Nh5 Nb6 14. Nd2 Qd3 15. Rc1 Nxd4 16. Nf4 Qf5 17. Nxd5 Nxd5 18. Bxd4 Be7 19. Qa4+ Kf8 20. Qd7 g6 21. Nc4 Nf4 22. Qxb7 Rd8 23. Be3 Ne2+ 24. Kh1 Nxc1 25. Bh6+ Ke8 26. Nd6+ Bxd6 27. exd6 Nd3 28. Qe7# 1-0

[Event "November 21 Late 2023"]
[Site "https://www.chess.com"]
[Date "2023.11.21"]
[Round "7"]
[White "Ongut, Tamas Gunes"]
[Black "Maksimovic, Bojan"]
[Result "1/2-1/2"]
[Board "60"]
[TimeControl "180+1"]
[WhiteFideId "770280"]
[BlackFideId "14408120"]
[WhiteElo "2148"]
[BlackElo "2546"]
[WhiteTeam "HUN"]
[BlackTeam "BIH"]
[WhiteClock "0:01:22"]
[BlackClock "0:00:05"]

1. e4 c5 2. Nf3 e6 3. c3 d5 4. exd5 Qxd5 5. d4 Nf6 6. Na3 Nc6 7. Nb5 Qd8 8. dxc5 Bxc5 9. Qxd8+ Kxd8 10. Bf4 Ne4 11. Nbd4 Bd7 12. Bd3 Nf6 13. Ne5 Bxd4 14. cxd4 Ke7 15. Nc4 Ne8 16. O-O-O Nxd4 17. Be3 Rc8 18. Kb1 Nb5 19. Ne5 Ned6 20. a4 Nc7 21. Bc5 Nd5 22. Bxd6+ Kxd6 23. Nxf7+ Ke7 24. Nxh8 Rxh8 25. Be4 Bc6 26. Rhe1 Kd6 27. Bxd5 Bxd5 28. f4 Rf8 29. g3 h6 30. h4 g5 31. hxg5 hxg5 32. fxg5 Rg8 33. Rd4 Rxg5 34. Re3 Rg8 35. g4 a5 36. b4 e5 37. Rd2 Rxg4 38. Red3 Rxb4+ 39. Kc1 Rc4+ 40. Kb2 Rb4+ 41. Kc1 Rc4+ 42. Kb2 Rc5 43. Rc3 e4 44. Rh2 Rxc3 45. Kxc3 Bc6 46. Kd4 Bxa4 47. Rh6+ Kc7 48. Kxe4 Bc6+ 49. Kd4 Kb6 50. Kc4 Kc7 51. Rh7+ Bd7 52. Rh6 b6 53. Rf6 Ba4 54. Rh6 Kb7 55. Rh7+ Ka6 56. Rh6 Bc2 57. Kc3 Bf5 58. Rh5 Be6 59. Re5 Ba2 60. Rg5 Bf7 61. Rg7 Ba2 62. Rg5 b5 63. Rg6+ Kb7 64. Kd4 b4 65. Kc5 b3 66. Rb6+ Kc7 67. Kb5 b2 68. Kxa5 b1=Q 69. Rxb1 Bxb1 1/2-1/2